[ AOE2 MATCH · #480029077 ]
UnrankedSlavs vs Khmer
[ REPLAY ANALYSIS · EXTRACTED FROM THE RECORDED GAME ]
Feudal
11:22
Castle
14:57
Imperial
33:20
| APM avg | 55.9 |
| APM peak | 115 |
| eAPM avg | 28.9 |
| Villagers / military | 113 / 150 |
Focus
⚔️ 28.7% · 🌾 71.3%
Militia ×57 · Scout Cavalry ×46 · Spearman ×39 · Mangonel ×7 · Monk ×1
Feudal
10:58
Castle
14:34
Imperial
29:33
| APM avg | 41.0 |
| APM peak | 85 |
| eAPM avg | 24.4 |
| Villagers / military | 162 / 169 |
Focus
⚔️ 32.7% · 🌾 67.3%
Scorpion ×76 · Spearman ×55 · Battering Ram ×28 · Trebuchet (Packed) ×5 · Scout Cavalry ×4 · Monk ×1
Feudal
9:20
Castle
13:28
Imperial
34:01
| APM avg | 63.4 |
| APM peak | 121 |
| eAPM avg | 38.4 |
| Villagers / military | 185 / 171 |
Focus
⚔️ 55.9% · 🌾 44.1%
Elephant Archer ×121 · Monk ×25 · Spearman ×19 · Armored Elephant ×6 · Trade Cart ×1
Feudal
8:06
Castle
31:35
Imperial
44:09
| APM avg | 34.0 |
| APM peak | 92 |
| eAPM avg | 20.3 |
| Villagers / military | 162 / 31 |
Focus
⚔️ 28.6% · 🌾 71.4%
Knight ×31
Feudal
11:29
Castle
23:21
Imperial
39:25
| APM avg | 46.7 |
| APM peak | 88 |
| eAPM avg | 22.1 |
| Villagers / military | 72 / 34 |
Focus
⚔️ 19.0% · 🌾 81.0%
Scout Cavalry ×20 · Spearman ×9 · Scorpion ×5
Feudal
10:12
Castle
12:53
Imperial
—
| APM avg | 53.4 |
| APM peak | 151 |
| eAPM avg | 33.6 |
| Villagers / military | 222 / 35 |
Focus
⚔️ 32.9% · 🌾 67.1%
Mangonel ×16 · Scorpion ×12 · Ballista Elephant ×5 · Battering Ram ×2
Feudal
10:18
Castle
14:42
Imperial
42:52
| APM avg | 41.9 |
| APM peak | 94 |
| eAPM avg | 21.5 |
| Villagers / military | 169 / 101 |
Focus
⚔️ 27.9% · 🌾 72.1%
Arambai ×57 · Monk ×30 · Battering Ram ×8 · Spearman ×5 · Mangonel ×1
Feudal
10:14
Castle
14:34
Imperial
32:37
| APM avg | 57.7 |
| APM peak | 137 |
| eAPM avg | 28.7 |
| Villagers / military | 118 / 125 |
Focus
⚔️ 24.9% · 🌾 75.1%
Mameluke ×112 · Camel Scout ×6 · Petard ×4 · Trebuchet (Packed) ×2 · Monk ×1
Match map
Initial resources + every placement click. Lines = walls · curves = elevation contours. ◆ gold · ⬟ stone · ● berries · ✦ relic · ◌ wall gap
Your base· ✓ Closed at 14:57 · 0t walls · 2 gate(s)
TheFaceless23's base· ✓ Closed at 14:34 · 0t walls · 3 gate(s)
CTM | SMH's base· ✓ Closed at 13:28 · 0t walls · 2 gate(s)
LegendaryAoE2's base· ✓ Closed at 31:35 · 21t walls · 5 gate(s)
[PVS] ELCAPI's base· ✓ Closed at 23:21 · 0t walls · 3 gate(s)
EndRCM's base· ✓ Closed at 12:53 · 0t walls · 2 gate(s)
CTM | cachicuervoo's base· ✓ Closed at 14:42 · 19t walls · 2 gate(s)
飘雪's base· ✓ Closed at 14:34 · 0t walls · 2 gate(s)
Smoothed initial terrain · ◌ = detected wall gap · hover for details
Inputs per minute
— BigBanana - - TheFaceless23
Build order — BigBanana
First 150 of 417 actions detected
| 0:01 | Create | Villager (Male) |
| 0:02 | Create | Villager (Male) |
| 0:02 | Create | Villager (Male) |
| 0:02 | Create | Villager (Male) |
| 0:03 | Build | House |
| 0:05 | Build | House |
| 1:26 | Create | Villager (Male) |
| 1:47 | Build | Lumber Camp |
| 2:01 | Create | Villager (Male) |
| 2:01 | Create | Villager (Male) |
| 2:25 | Create | Villager (Male) |
| 2:25 | Create | Villager (Male) |
| 2:25 | Create | Villager (Male) |
| 2:52 | Create | Villager (Male) |
| 2:52 | Create | Villager (Male) |
| 3:18 | Create | Villager (Male) |
| 3:29 | Build | House |
| 3:30 | Build | House |
| 3:31 | Build | House |
| 3:34 | Create | Villager (Male) |
| 3:34 | Create | Villager (Male) |
| 4:09 | Create | Villager (Male) |
| 4:09 | Create | Villager (Male) |
| 4:09 | Create | Villager (Male) |
| 4:09 | Create | Villager (Male) |
| 4:31 | Create | Villager (Male) |
| 4:31 | Create | Villager (Male) |
| 5:13 | Create | Villager (Male) |
| 5:14 | Create | Villager (Male) |
| 5:50 | Create | Villager (Male) |
| 5:50 | Create | Villager (Male) |
| 6:12 | Build | Mill |
| 6:21 | Create | Villager (Male) |
| 6:56 | Create | Villager (Male) |
| 6:57 | Create | Villager (Male) |
| 7:09 | Create | Villager (Male) |
| 7:35 | Build | Farm |
| 7:37 | Build | Farm |
| 7:38 | Build | Farm |
| 7:42 | Build | Farm |
| 7:44 | Build | Farm |
| 7:49 | Build | Farm |
| 7:51 | Create | Villager (Male) |
| 8:14 | Create | Villager (Male) |
| 8:40 | Build | Mining Camp |
| 8:55 | Research | Feudal Age |
| 8:55 | Research | Feudal Age |
| 10:56 | Create | Villager (Male) |
| 10:56 | Create | Villager (Male) |
| 11:22 | Age | Feudal Age |
| 11:25 | Build | Market |
| 11:28 | Build | Blacksmith |
| 12:14 | Build | Lumber Camp |
| 12:17 | Research | Castle Age |
| 12:18 | Research | Castle Age |
| 12:18 | Research | Double-Bit Axe |
| 12:18 | Research | Double-Bit Axe |
| 12:19 | Research | Horse Collar |
| 12:19 | Research | Horse Collar |
| 12:20 | Research | Horse Collar |
| 12:29 | Build | Lumber Camp |
| 13:00 | Build | Farm |
| 13:22 | Create | Villager (Male) |
| 13:26 | Build | Farm |
| 13:34 | Build | Farm |
| 14:41 | Research | Loom |
| 14:42 | Research | Wheelbarrow |
| 14:57 | Age | Castle Age |
| 15:04 | Build | Town Center |
| 15:06 | Research | Bow Saw |
| 15:07 | Research | Bow Saw |
| 15:08 | Research | Horse Collar |
| 15:08 | Research | Horse Collar |
| 15:08 | Research | Horse Collar |
| 15:28 | Research | Heavy Plow |
| 15:29 | Research | Heavy Plow |
| 15:30 | Create | Villager (Male) |
| 16:03 | Build | Farm |
| 16:04 | Build | Farm |
| 16:09 | Create | Villager (Male) |
| 16:13 | Build | House |
| 16:15 | Build | House |
| 16:26 | Create | Villager (Male) |
| 16:34 | Create | Villager (Male) |
| 16:36 | Create | Villager (Male) |
| 16:41 | Build | Farm |
| 16:45 | Build | Farm |
| 16:47 | Build | Farm |
| 17:12 | Build | Lumber Camp |
| 17:15 | Create | Villager (Male) |
| 17:15 | Create | Villager (Male) |
| 17:25 | Build | Mining Camp |
| 17:28 | Create | Villager (Male) |
| 17:30 | Create | Villager (Male) |
| 17:32 | Build | House |
| 17:43 | Build | Barracks |
| 17:46 | Create | Villager (Male) |
| 17:48 | Create | Villager (Male) |
| 18:00 | Research | Forging |
| 18:04 | Build | House |
| 18:04 | Create | Villager (Male) |
| 18:05 | Create | Villager (Male) |
| 18:19 | Create | Villager (Male) |
| 18:28 | Build | Stable |
| 18:31 | Build | Stable |
| 18:38 | Create | Villager (Male) |
| 18:38 | Create | Villager (Male) |
| 18:51 | Create | Villager (Male) |
| 18:51 | Create | Villager (Male) |
| 18:58 | Create | Villager (Male) |
| 19:00 | Create | Villager (Male) |
| 19:12 | Build | House |
| 19:20 | Research | Light Cavalry (upgrade) |
| 19:20 | Research | Light Cavalry (upgrade) |
| 19:21 | Create | Scout Cavalry |
| 19:29 | Build | Farm |
| 19:31 | Build | Farm |
| 19:33 | Build | Farm |
| 19:33 | Build | Farm |
| 19:35 | Build | Farm |
| 19:39 | Build | Farm |
| 19:40 | Build | Farm |
| 19:43 | Create | Scout Cavalry |
| 19:50 | Build | House |
| 20:08 | Build | Stable |
| 20:17 | Research | Bloodlines |
| 20:22 | Build | Farm |
| 20:24 | Build | Farm |
| 20:26 | Create | Scout Cavalry |
| 20:30 | Create | Villager (Male) |
| 20:30 | Create | Villager (Male) |
| 20:37 | Build | Farm |
| 20:38 | Build | Farm |
| 20:45 | Create | Scout Cavalry |
| 20:45 | Create | Scout Cavalry |
| 20:55 | Create | Scout Cavalry |
| 20:56 | Create | Scout Cavalry |
| 21:06 | Build | Farm |
| 21:07 | Build | Farm |
| 21:09 | Build | Farm |
| 21:13 | Create | Scout Cavalry |
| 21:15 | Create | Villager (Male) |
| 21:19 | Build | Farm |
| 21:21 | Build | Farm |
| 21:23 | Build | Farm |
| 21:27 | Build | Farm |
| 21:29 | Build | Farm |
| 21:30 | Build | Mill |
| 21:31 | Build | Farm |
| 21:34 | Create | Villager (Male) |
Build order — TheFaceless23
First 150 of 461 actions detected
| 0:02 | Create | Villager (Male) |
| 0:02 | Create | Villager (Male) |
| 0:03 | Build | House |
| 0:04 | Build | House |
| 0:23 | Create | Villager (Male) |
| 0:23 | Create | Villager (Male) |
| 1:08 | Create | Villager (Male) |
| 1:51 | Create | Villager (Male) |
| 2:33 | Create | Villager (Male) |
| 2:35 | Create | Villager (Male) |
| 2:48 | Build | Mining Camp |
| 2:55 | Create | Villager (Male) |
| 3:07 | Build | House |
| 3:08 | Build | House |
| 3:09 | Build | House |
| 3:20 | Create | Villager (Male) |
| 3:53 | Create | Villager (Male) |
| 4:18 | Create | Villager (Male) |
| 4:18 | Create | Villager (Male) |
| 4:42 | Create | Villager (Male) |
| 4:46 | Build | Lumber Camp |
| 4:59 | Create | Villager (Male) |
| 5:12 | Create | Villager (Male) |
| 5:44 | Create | Villager (Male) |
| 6:20 | Create | Villager (Male) |
| 6:25 | Create | Villager (Male) |
| 6:43 | Create | Villager (Male) |
| 7:00 | Build | House |
| 7:57 | Create | Villager (Male) |
| 8:13 | Build | Farm |
| 8:19 | Build | Farm |
| 8:22 | Create | Villager (Male) |
| 8:25 | Build | Farm |
| 8:33 | Build | Farm |
| 8:42 | Research | Feudal Age |
| 8:51 | Build | Farm |
| 8:55 | Build | Farm |
| 9:02 | Build | Farm |
| 9:20 | Build | Farm |
| 10:33 | Create | Villager (Male) |
| 10:36 | Create | Villager (Male) |
| 10:58 | Age | Feudal Age |
| 11:10 | Build | Mill |
| 11:53 | Build | Lumber Camp |
| 11:54 | Research | Castle Age |
| 12:03 | Build | Mining Camp |
| 12:17 | Build | House |
| 12:27 | Research | Double-Bit Axe |
| 13:05 | Build | Stable |
| 13:09 | Build | House |
| 13:16 | Create | Villager (Male) |
| 13:19 | Research | Horse Collar |
| 13:19 | Research | Horse Collar |
| 14:08 | Create | Scout Cavalry |
| 14:09 | Create | Scout Cavalry |
| 14:26 | Create | Villager (Male) |
| 14:34 | Age | Castle Age |
| 14:35 | Research | Light Cavalry (upgrade) |
| 14:37 | Build | Monastery |
| 14:39 | Build | House |
| 14:59 | Create | Villager (Male) |
| 15:05 | Build | Town Center |
| 15:22 | Create | Villager (Male) |
| 15:25 | Create | Monk |
| 15:31 | Build | Town Center |
| 15:45 | Create | Villager (Male) |
| 15:54 | Create | Villager (Male) |
| 15:59 | Build | House |
| 15:59 | Build | House |
| 16:02 | Create | Villager (Male) |
| 16:12 | Create | Villager (Male) |
| 16:29 | Create | Villager (Male) |
| 16:41 | Create | Villager (Male) |
| 16:51 | Create | Scout Cavalry |
| 16:58 | Create | Villager (Male) |
| 17:01 | Build | Farm |
| 17:04 | Build | Farm |
| 17:05 | Build | Farm |
| 17:08 | Create | Villager (Male) |
| 17:19 | Create | Villager (Male) |
| 17:38 | Create | Villager (Male) |
| 17:40 | Create | Villager (Male) |
| 17:43 | Build | Farm |
| 17:45 | Build | Farm |
| 17:46 | Build | Farm |
| 17:47 | Build | Farm |
| 17:51 | Create | Villager (Male) |
| 18:03 | Create | Villager (Male) |
| 18:21 | Create | Villager (Male) |
| 18:31 | Create | Scout Cavalry |
| 18:37 | Create | Villager (Male) |
| 18:41 | Build | Town Center |
| 18:46 | Build | Farm |
| 18:49 | Create | Villager (Male) |
| 18:52 | Build | Farm |
| 18:57 | Build | Farm |
| 18:59 | Create | Villager (Male) |
| 19:10 | Build | Farm |
| 19:17 | Create | Villager (Male) |
| 19:17 | Create | Villager (Male) |
| 19:18 | Build | Farm |
| 19:25 | Build | Farm |
| 19:26 | Create | Villager (Male) |
| 19:43 | Create | Villager (Male) |
| 19:44 | Create | Villager (Male) |
| 19:46 | Build | Farm |
| 19:49 | Build | Farm |
| 19:56 | Create | Villager (Male) |
| 20:01 | Create | Villager (Male) |
| 20:08 | Create | Villager (Male) |
| 20:20 | Create | Villager (Male) |
| 20:22 | Create | Villager (Male) |
| 20:23 | Build | Farm |
| 20:26 | Build | Farm |
| 20:27 | Create | Villager (Male) |
| 20:37 | Build | Town Center |
| 20:40 | Create | Villager (Male) |
| 20:41 | Research | Loom |
| 20:45 | Build | Farm |
| 20:48 | Create | Villager (Male) |
| 20:50 | Create | Villager (Male) |
| 20:52 | Build | Farm |
| 20:52 | Build | Farm |
| 20:52 | Build | Farm |
| 21:06 | Create | Villager (Male) |
| 21:17 | Create | Villager (Male) |
| 21:24 | Create | Villager (Male) |
| 21:26 | Build | Farm |
| 21:26 | Build | Farm |
| 21:26 | Build | Farm |
| 21:29 | Create | Villager (Male) |
| 21:30 | Build | Farm |
| 21:31 | Build | Farm |
| 21:33 | Create | Villager (Male) |
| 21:39 | Build | Farm |
| 21:39 | Build | Farm |
| 21:39 | Build | Farm |
| 21:40 | Build | Farm |
| 21:42 | Create | Villager (Male) |
| 21:43 | Create | Villager (Male) |
| 21:44 | Create | Villager (Male) |
| 21:52 | Create | Villager (Male) |
| 21:53 | Build | Farm |
| 21:54 | Build | Farm |
| 22:01 | Create | Villager (Male) |
| 22:04 | Create | Villager (Male) |
| 22:07 | Create | Villager (Male) |
| 22:10 | Build | Farm |
| 22:10 | Build | Farm |
| 22:11 | Build | Farm |
Build order — CTM | SMH
First 150 of 492 actions detected
| 0:00 | Create | Villager (Male) |
| 0:00 | Create | Villager (Male) |
| 0:01 | Create | Villager (Male) |
| 0:02 | Create | Villager (Male) |
| 0:03 | Build | House |
| 0:04 | Build | House |
| 1:19 | Build | Lumber Camp |
| 1:32 | Create | Villager (Male) |
| 1:55 | Create | Villager (Male) |
| 2:22 | Create | Villager (Male) |
| 2:42 | Create | Villager (Male) |
| 3:07 | Create | Villager (Male) |
| 3:20 | Create | Villager (Male) |
| 3:28 | Build | House |
| 3:46 | Create | Villager (Male) |
| 3:57 | Create | Villager (Male) |
| 4:03 | Build | House |
| 4:40 | Create | Villager (Male) |
| 4:44 | Build | Mill |
| 5:02 | Create | Villager (Male) |
| 5:02 | Create | Villager (Male) |
| 5:11 | Create | Villager (Male) |
| 5:39 | Create | Villager (Male) |
| 6:06 | Create | Villager (Male) |
| 6:06 | Create | Villager (Male) |
| 7:10 | Research | Feudal Age |
| 7:13 | Build | Mining Camp |
| 9:20 | Age | Feudal Age |
| 9:22 | Create | Villager (Male) |
| 9:23 | Create | Villager (Male) |
| 9:27 | Build | Blacksmith |
| 9:31 | Build | Market |
| 10:00 | Create | Villager (Male) |
| 10:16 | Research | Loom |
| 10:48 | Research | Castle Age |
| 11:28 | Research | Double-Bit Axe |
| 11:49 | Research | Gold Mining |
| 11:54 | Build | Farm |
| 13:13 | Create | Villager (Male) |
| 13:21 | Build | House |
| 13:28 | Age | Castle Age |
| 13:32 | Build | Monastery |
| 13:45 | Build | Monastery |
| 13:50 | Create | Villager (Male) |
| 14:07 | Create | Villager (Male) |
| 14:17 | Create | Monk |
| 14:23 | Build | House |
| 14:31 | Research | Redemption |
| 14:41 | Build | House |
| 14:53 | Create | Villager (Male) |
| 14:55 | Build | Farm |
| 14:56 | Build | Farm |
| 15:01 | Create | Villager (Male) |
| 15:03 | Build | Siege Workshop |
| 15:06 | Create | Monk |
| 15:06 | Create | Monk |
| 15:23 | Build | Farm |
| 15:24 | Build | Farm |
| 15:43 | Create | Armored Elephant |
| 15:44 | Create | Armored Elephant |
| 15:59 | Build | Farm |
| 16:01 | Build | Farm |
| 16:02 | Build | Farm |
| 16:02 | Build | Farm |
| 16:12 | Create | Villager (Male) |
| 16:14 | Build | Farm |
| 16:32 | Create | Monk |
| 16:45 | Research | Sanctity |
| 16:45 | Research | Sanctity |
| 16:46 | Create | Villager (Male) |
| 16:50 | Build | Farm |
| 16:59 | Build | House |
| 17:05 | Create | Monk |
| 17:08 | Create | Villager (Male) |
| 17:30 | Build | Barracks |
| 17:31 | Create | Villager (Male) |
| 17:33 | Create | Monk |
| 17:47 | Create | Villager (Male) |
| 17:53 | Create | Monk |
| 18:01 | Build | Farm |
| 18:03 | Create | Villager (Male) |
| 18:24 | Create | Villager (Male) |
| 18:30 | Create | Villager (Male) |
| 18:33 | Build | House |
| 18:40 | Create | Monk |
| 18:41 | Create | Monk |
| 18:42 | Create | Villager (Male) |
| 18:53 | Create | Villager (Male) |
| 19:00 | Create | Monk |
| 19:13 | Build | Monastery |
| 19:19 | Create | Monk |
| 19:19 | Create | Monk |
| 19:21 | Create | Villager (Male) ×2 |
| 20:02 | Build | Mining Camp |
| 20:03 | Create | Villager (Male) ×2 |
| 20:09 | Create | Monk |
| 20:10 | Create | Monk |
| 20:10 | Create | Villager (Male) |
| 20:16 | Create | Villager (Male) |
| 20:24 | Create | Villager (Male) ×5 |
| 20:35 | Create | Villager (Male) |
| 20:36 | Create | Villager (Male) |
| 20:46 | Create | Armored Elephant |
| 21:07 | Create | Armored Elephant |
| 21:08 | Create | Villager (Male) |
| 21:08 | Create | Villager (Male) |
| 21:10 | Build | Lumber Camp |
| 21:12 | Build | Lumber Camp |
| 21:13 | Create | Villager (Male) |
| 21:41 | Build | Farm |
| 21:41 | Build | Farm |
| 21:42 | Build | Farm |
| 21:42 | Build | Farm |
| 21:46 | Create | Villager (Male) |
| 22:12 | Create | Villager (Male) |
| 22:13 | Create | Villager (Male) ×2 |
| 22:53 | Create | Villager (Male) |
| 22:53 | Create | Villager (Male) ×3 |
| 22:59 | Build | Town Center |
| 23:12 | Build | Town Center |
| 23:21 | Research | Pikeman (upgrade) |
| 23:21 | Research | Pikeman (upgrade) |
| 23:27 | Research | Scale Mail Armor |
| 23:27 | Research | Scale Mail Armor |
| 23:28 | Research | Bow Saw |
| 23:30 | Create | Villager (Male) ×3 |
| 23:34 | Build | Farm |
| 23:34 | Build | Farm |
| 23:34 | Build | Farm |
| 23:34 | Build | Farm |
| 23:34 | Build | Farm |
| 23:35 | Build | Farm |
| 23:35 | Build | Farm |
| 23:35 | Build | Farm |
| 23:35 | Build | Farm |
| 23:35 | Build | Farm |
| 23:36 | Build | Farm |
| 23:40 | Create | Spearman |
| 23:50 | Create | Monk |
| 23:50 | Create | Villager (Male) |
| 23:51 | Create | Villager (Male) |
| 23:54 | Build | Farm |
| 24:08 | Build | Palisade Wall |
| 24:09 | Build | Palisade Wall |
| 24:11 | Build | Palisade Wall |
| 24:18 | Build | Palisade Wall |
| 24:19 | Build | Palisade Wall |
| 24:38 | Create | Spearman ×5 |
| 25:00 | Create | Villager (Male) |
| 25:00 | Create | Villager (Male) |
Build order — LegendaryAoE2
First 150 of 380 actions detected
| 0:00 | Create | Villager (Male) |
| 0:01 | Create | Villager (Male) |
| 0:02 | Build | House |
| 0:03 | Build | House |
| 0:20 | Create | Villager (Male) |
| 0:20 | Create | Villager (Male) |
| 0:20 | Create | Villager (Male) |
| 0:58 | Research | Loom |
| 1:31 | Create | Villager (Male) |
| 1:43 | Build | Lumber Camp |
| 2:03 | Create | Villager (Male) |
| 2:03 | Create | Villager (Male) |
| 2:24 | Create | Villager (Male) |
| 2:24 | Create | Villager (Male) |
| 3:08 | Create | Villager (Male) |
| 3:09 | Create | Villager (Male) |
| 3:51 | Create | Villager (Male) |
| 3:51 | Create | Villager (Male) |
| 3:52 | Create | Villager (Male) |
| 3:52 | Create | Villager (Male) |
| 3:52 | Create | Villager (Male) |
| 3:58 | Build | House |
| 4:38 | Build | Mining Camp |
| 4:41 | Research | Loom |
| 5:47 | Research | Feudal Age |
| 5:47 | Research | Feudal Age |
| 7:29 | Create | Villager (Male) |
| 7:30 | Create | Villager (Male) |
| 8:06 | Age | Feudal Age |
| 8:08 | Build | Watch Tower |
| 8:20 | Build | Mill |
| 8:23 | Build | House |
| 8:30 | Create | Villager (Male) |
| 9:10 | Build | Blacksmith |
| 9:11 | Create | Villager (Male) |
| 9:39 | Create | Villager (Male) |
| 9:46 | Research | Double-Bit Axe |
| 9:59 | Research | Fletching |
| 9:59 | Research | Fletching |
| 10:07 | Create | Villager (Male) |
| 10:39 | Build | Watch Tower |
| 10:45 | Create | Villager (Male) |
| 10:45 | Create | Villager (Male) |
| 10:46 | Create | Villager (Male) |
| 11:19 | Build | Watch Tower |
| 11:25 | Create | Villager (Male) |
| 11:25 | Create | Villager (Male) |
| 11:38 | Build | House |
| 12:35 | Build | Outpost |
| 12:45 | Create | Villager (Male) |
| 12:47 | Research | Wheelbarrow |
| 12:47 | Research | Wheelbarrow |
| 13:32 | Build | Watch Tower |
| 13:55 | Create | Villager (Male) |
| 13:55 | Create | Villager (Male) |
| 13:56 | Create | Villager (Male) |
| 14:29 | Build | Watch Tower |
| 14:36 | Build | Palisade Wall |
| 14:40 | Build | Palisade Wall |
| 15:16 | Build | Farm |
| 15:16 | Build | Farm |
| 15:16 | Build | Farm |
| 15:16 | Build | Farm |
| 15:20 | Create | Villager (Male) |
| 15:23 | Build | Farm |
| 15:27 | Build | Farm |
| 15:35 | Build | Mining Camp |
| 15:38 | Create | Villager (Male) |
| 15:41 | Build | Farm |
| 15:56 | Build | House |
| 15:58 | Research | Town Watch |
| 15:58 | Research | Town Watch |
| 15:58 | Research | Town Watch |
| 16:11 | Create | Villager (Male) |
| 16:15 | Build | Farm |
| 16:47 | Build | Farm |
| 16:52 | Build | Farm |
| 16:54 | Build | Farm |
| 16:57 | Build | Farm |
| 16:59 | Create | Villager (Male) |
| 17:09 | Build | House |
| 17:10 | Create | Villager (Male) |
| 17:13 | Build | Farm |
| 17:25 | Create | Villager (Male) |
| 17:31 | Build | Farm |
| 17:36 | Build | House |
| 17:59 | Build | House |
| 18:05 | Create | Villager (Male) |
| 18:10 | Build | Farm |
| 18:32 | Create | Villager (Male) |
| 18:54 | Build | Palisade Gate |
| 18:59 | Build | Palisade Gate |
| 19:15 | Create | Villager (Male) |
| 19:41 | Create | Villager (Male) |
| 19:43 | Create | Villager (Male) |
| 19:43 | Create | Villager (Male) |
| 19:51 | Build | Stone Wall |
| 19:54 | Build | Stone Wall |
| 20:01 | Build | Stone Wall |
| 20:05 | Build | Stone Wall |
| 20:08 | Build | Stone Wall |
| 20:52 | Build | Market |
| 20:53 | Build | House |
| 20:57 | Build | House |
| 21:12 | Build | House |
| 21:16 | Build | House |
| 21:38 | Build | Gate |
| 21:56 | Research | Castle Age |
| 21:57 | Research | Castle Age |
| 22:36 | Build | Lumber Camp |
| 24:03 | Research | Double-Bit Axe |
| 24:18 | Build | Town Center |
| 24:35 | Research | Horse Collar |
| 24:36 | Research | Horse Collar |
| 25:10 | Create | Villager (Male) |
| 25:11 | Create | Villager (Male) |
| 25:15 | Build | Mining Camp |
| 25:39 | Create | Villager (Male) |
| 25:42 | Build | Farm |
| 25:46 | Build | Farm |
| 25:50 | Build | Farm |
| 25:57 | Build | Farm |
| 25:58 | Create | Villager (Male) |
| 26:01 | Build | Farm |
| 26:04 | Build | Farm |
| 26:14 | Build | Farm |
| 26:19 | Build | Farm |
| 26:31 | Build | Farm |
| 26:34 | Create | Villager (Male) |
| 26:49 | Build | Farm |
| 26:52 | Build | Farm |
| 26:53 | Create | Villager (Male) |
| 26:53 | Create | Villager (Male) |
| 26:59 | Build | Farm |
| 27:03 | Build | Farm |
| 27:04 | Create | Villager (Male) |
| 27:05 | Create | Villager (Male) |
| 27:15 | Build | Mill |
| 27:18 | Build | Farm |
| 27:30 | Build | Farm |
| 27:33 | Build | Farm |
| 27:36 | Build | Farm |
| 27:54 | Build | Farm |
| 27:55 | Build | Farm |
| 28:20 | Build | Farm |
| 28:33 | Build | House |
| 28:34 | Build | House |
| 28:35 | Build | House |
| 28:36 | Build | House |
| 28:55 | Research | Castle Age |
Build order — [PVS] ELCAPI
First 150 of 202 actions detected
| 0:03 | Build | House |
| 0:04 | Build | House |
| 0:05 | Create | Villager (Male) |
| 0:13 | Create | Villager (Male) |
| 0:14 | Create | Villager (Male) |
| 0:15 | Create | Villager (Male) |
| 0:15 | Create | Villager (Male) |
| 0:15 | Create | Villager (Male) |
| 1:31 | Create | Villager (Male) |
| 1:31 | Create | Villager (Male) |
| 1:58 | Build | Lumber Camp |
| 2:07 | Create | Villager (Male) |
| 2:07 | Create | Villager (Male) |
| 2:32 | Create | Villager (Male) |
| 2:32 | Create | Villager (Male) |
| 2:32 | Create | Villager (Male) |
| 3:01 | Build | House |
| 3:07 | Create | Villager (Male) |
| 3:07 | Create | Villager (Male) |
| 3:07 | Create | Villager (Male) |
| 3:24 | Create | Villager (Male) |
| 3:24 | Create | Villager (Male) |
| 3:24 | Create | Villager (Male) |
| 3:42 | Build | House |
| 4:02 | Create | Villager (Male) |
| 4:02 | Create | Villager (Male) |
| 4:28 | Create | Villager (Male) |
| 4:55 | Create | Villager (Male) |
| 4:55 | Create | Villager (Male) |
| 4:55 | Create | Villager (Male) |
| 5:36 | Create | Villager (Male) |
| 6:07 | Build | Mill |
| 6:24 | Create | Villager (Male) |
| 6:24 | Create | Villager (Male) |
| 6:24 | Create | Villager (Male) |
| 6:24 | Create | Villager (Male) |
| 6:25 | Create | Villager (Male) |
| 7:38 | Create | Villager (Male) |
| 7:38 | Create | Villager (Male) |
| 7:47 | Create | Villager (Male) |
| 8:39 | Build | Mining Camp |
| 8:58 | Research | Feudal Age |
| 10:32 | Build | Farm |
| 10:42 | Build | Barracks |
| 11:29 | Age | Feudal Age |
| 11:34 | Build | Stable |
| 11:40 | Build | Farm |
| 11:42 | Build | Farm |
| 11:45 | Create | Villager (Male) |
| 12:10 | Create | Scout Cavalry |
| 12:10 | Create | Scout Cavalry |
| 12:54 | Build | Blacksmith |
| 13:37 | Create | Scout Cavalry |
| 13:37 | Create | Scout Cavalry |
| 13:37 | Create | Scout Cavalry |
| 13:57 | Research | Forging |
| 14:31 | Create | Scout Cavalry |
| 14:45 | Build | Stable |
| 15:16 | Build | Farm |
| 15:20 | Create | Villager (Male) |
| 15:44 | Build | Farm |
| 15:45 | Build | Farm |
| 15:46 | Build | Farm |
| 15:59 | Create | Villager (Male) |
| 16:11 | Research | Scale Barding Armor |
| 16:19 | Research | Bloodlines |
| 16:20 | Research | Bloodlines |
| 16:50 | Build | Farm |
| 16:51 | Build | Farm |
| 17:01 | Create | Scout Cavalry |
| 17:57 | Build | Farm |
| 17:58 | Build | Farm |
| 18:26 | Create | Scout Cavalry |
| 18:40 | Create | Villager (Male) |
| 18:51 | Create | Scout Cavalry |
| 18:52 | Create | Scout Cavalry |
| 19:45 | Build | Farm |
| 19:46 | Build | Farm |
| 20:41 | Research | Castle Age |
| 20:41 | Research | Castle Age |
| 21:31 | Create | Scout Cavalry |
| 21:32 | Create | Scout Cavalry |
| 21:32 | Create | Scout Cavalry |
| 22:13 | Create | Villager (Male) |
| 22:18 | Build | Farm |
| 22:51 | Build | Lumber Camp |
| 23:21 | Age | Castle Age |
| 23:27 | Research | Light Cavalry (upgrade) |
| 23:27 | Research | Light Cavalry (upgrade) |
| 23:35 | Research | Husbandry |
| 23:36 | Research | Husbandry |
| 23:36 | Create | Scout Cavalry |
| 23:37 | Create | Villager (Male) |
| 23:37 | Create | Villager (Male) |
| 23:51 | Build | Town Center |
| 23:54 | Create | Villager (Male) |
| 23:56 | Create | Villager (Male) |
| 23:56 | Create | Villager (Male) |
| 24:20 | Research | Loom |
| 24:20 | Research | Loom |
| 24:31 | Create | Scout Cavalry |
| 24:36 | Build | Stable |
| 24:45 | Build | House |
| 25:02 | Research | Chain Barding Armor |
| 25:02 | Research | Chain Barding Armor |
| 25:02 | Research | Chain Barding Armor |
| 25:14 | Create | Villager (Male) |
| 25:15 | Create | Villager (Male) |
| 25:32 | Create | Villager (Male) |
| 25:36 | Build | Farm |
| 25:39 | Build | Farm |
| 25:42 | Build | Farm |
| 25:44 | Create | Villager (Male) |
| 25:45 | Create | Villager (Male) |
| 25:46 | Create | Villager (Male) |
| 26:24 | Research | Horse Collar |
| 26:24 | Research | Horse Collar |
| 26:51 | Create | Scout Cavalry |
| 26:52 | Create | Scout Cavalry |
| 26:52 | Create | Scout Cavalry |
| 27:44 | Create | Villager (Male) |
| 27:45 | Create | Villager (Male) |
| 27:48 | Create | Villager (Male) |
| 27:50 | Research | Double-Bit Axe |
| 27:50 | Research | Double-Bit Axe |
| 28:20 | Build | House |
| 28:20 | Build | House |
| 28:21 | Create | Villager (Male) |
| 28:21 | Create | Villager (Male) |
| 28:22 | Create | Villager (Male) |
| 29:20 | Build | House |
| 29:27 | Create | Villager (Male) |
| 29:43 | Build | Town Center |
| 29:48 | Build | House |
| 29:50 | Create | Villager (Male) |
| 30:01 | Research | Bow Saw |
| 30:09 | Create | Villager (Male) |
| 30:17 | Build | Market |
| 30:19 | Create | Villager (Male) |
| 30:36 | Research | Pikeman (upgrade) |
| 30:50 | Build | Farm |
| 30:52 | Build | Farm |
| 31:23 | Create | Villager (Male) |
| 31:25 | Build | Farm |
| 31:26 | Build | Farm |
| 31:28 | Create | Villager (Male) |
| 31:30 | Create | Villager (Male) |
| 31:31 | Create | Villager (Male) |
| 31:35 | Research | Iron Casting |
| 31:43 | Create | Scout Cavalry |
Build order — EndRCM
First 150 of 413 actions detected
| 0:01 | Create | Villager (Male) |
| 0:01 | Create | Villager (Male) |
| 0:02 | Create | Villager (Male) |
| 0:02 | Create | Villager (Male) |
| 0:03 | Build | House |
| 0:04 | Build | House |
| 1:30 | Build | Lumber Camp |
| 1:33 | Create | Villager (Male) |
| 1:34 | Create | Villager (Male) |
| 2:00 | Create | Villager (Male) |
| 2:00 | Create | Villager (Male) |
| 2:24 | Create | Villager (Male) |
| 2:24 | Create | Villager (Male) |
| 2:25 | Create | Villager (Male) |
| 2:54 | Create | Villager (Male) |
| 2:54 | Create | Villager (Male) |
| 2:54 | Create | Villager (Male) |
| 3:00 | Build | House |
| 3:00 | Build | House |
| 3:17 | Create | Villager (Male) |
| 3:18 | Create | Villager (Male) |
| 3:18 | Create | Villager (Male) |
| 3:19 | Create | Villager (Male) |
| 3:19 | Create | Villager (Male) |
| 3:19 | Create | Villager (Male) |
| 3:41 | Create | Villager (Male) |
| 3:42 | Create | Villager (Male) |
| 4:01 | Create | Villager (Male) |
| 4:04 | Build | Mill |
| 4:25 | Create | Villager (Male) |
| 4:25 | Create | Villager (Male) |
| 4:26 | Create | Villager (Male) |
| 4:26 | Create | Villager (Male) |
| 4:53 | Create | Villager (Male) |
| 5:15 | Build | Mining Camp |
| 5:21 | Create | Villager (Male) |
| 5:27 | Create | Villager (Male) |
| 5:27 | Create | Villager (Male) |
| 5:50 | Create | Villager (Male) |
| 5:50 | Create | Villager (Male) |
| 5:50 | Create | Villager (Male) |
| 5:58 | Create | Villager (Male) |
| 5:58 | Create | Villager (Male) |
| 5:58 | Create | Villager (Male) |
| 6:30 | Create | Villager (Male) |
| 6:30 | Create | Villager (Male) |
| 6:31 | Create | Villager (Male) |
| 8:02 | Research | Feudal Age |
| 8:02 | Research | Feudal Age |
| 10:12 | Age | Feudal Age |
| 10:13 | Research | Castle Age |
| 10:13 | Research | Castle Age |
| 10:13 | Research | Castle Age |
| 10:37 | Research | Double-Bit Axe |
| 10:37 | Research | Double-Bit Axe |
| 10:38 | Research | Double-Bit Axe |
| 11:08 | Research | Horse Collar |
| 11:08 | Research | Horse Collar |
| 11:29 | Build | Farm |
| 11:36 | Build | Farm |
| 11:55 | Build | House |
| 12:52 | Create | Villager (Male) |
| 12:53 | Age | Castle Age |
| 12:55 | Build | Town Center |
| 12:55 | Create | Villager (Male) |
| 12:58 | Build | Town Center |
| 13:13 | Create | Villager (Male) |
| 13:26 | Build | Mining Camp |
| 13:30 | Create | Villager (Male) |
| 13:39 | Create | Villager (Male) |
| 13:58 | Create | Villager (Male) |
| 14:01 | Build | Farm |
| 14:03 | Build | Farm |
| 14:20 | Build | House |
| 14:20 | Build | House |
| 14:30 | Build | Farm |
| 14:31 | Build | Farm |
| 14:36 | Build | Farm |
| 14:40 | Create | Villager (Male) |
| 14:45 | Build | Outpost |
| 14:52 | Build | Farm |
| 15:04 | Create | Villager (Male) |
| 15:04 | Create | Villager (Male) |
| 15:04 | Create | Villager (Male) |
| 15:04 | Create | Villager (Male) |
| 15:24 | Build | Farm |
| 15:30 | Build | Watch Tower |
| 15:37 | Create | Villager (Male) |
| 15:38 | Create | Villager (Male) |
| 15:38 | Create | Villager (Male) |
| 15:45 | Build | Outpost |
| 15:48 | Create | Villager (Male) |
| 15:49 | Create | Villager (Male) |
| 15:49 | Create | Villager (Male) |
| 15:57 | Build | House |
| 16:00 | Create | Villager (Male) |
| 16:00 | Create | Villager (Male) |
| 16:00 | Create | Villager (Male) |
| 16:27 | Create | Villager (Male) |
| 16:28 | Create | Villager (Male) |
| 16:28 | Create | Villager (Male) |
| 16:28 | Create | Villager (Male) |
| 16:40 | Build | Siege Workshop |
| 16:51 | Create | Villager (Male) |
| 16:51 | Create | Villager (Male) |
| 16:51 | Create | Villager (Male) |
| 16:51 | Create | Villager (Male) |
| 16:53 | Build | Farm |
| 17:02 | Build | Watch Tower |
| 17:10 | Create | Villager (Male) |
| 17:10 | Create | Villager (Male) |
| 17:18 | Build | Farm |
| 17:25 | Create | Villager (Male) |
| 17:26 | Create | Villager (Male) |
| 17:35 | Build | House |
| 17:35 | Build | House |
| 17:36 | Build | House |
| 17:50 | Create | Villager (Male) |
| 17:50 | Create | Villager (Male) |
| 17:56 | Create | Villager (Male) |
| 17:56 | Create | Villager (Male) |
| 17:57 | Create | Villager (Male) |
| 17:59 | Create | Mangonel |
| 17:59 | Create | Mangonel |
| 17:59 | Create | Mangonel |
| 18:21 | Create | Villager (Male) |
| 18:21 | Create | Villager (Male) |
| 18:22 | Create | Villager (Male) |
| 18:22 | Create | Villager (Male) |
| 19:17 | Create | Villager (Male) |
| 19:17 | Create | Villager (Male) |
| 19:17 | Create | Villager (Male) |
| 19:17 | Create | Villager (Male) |
| 19:20 | Build | Blacksmith |
| 19:52 | Build | House |
| 19:53 | Build | House |
| 20:13 | Build | Watch Tower |
| 20:19 | Create | Mangonel |
| 20:19 | Create | Mangonel |
| 20:19 | Create | Mangonel |
| 20:19 | Create | Mangonel |
| 21:20 | Build | Farm |
| 21:21 | Build | Farm |
| 21:21 | Build | Farm |
| 21:29 | Build | House |
| 21:34 | Create | Villager (Male) |
| 21:34 | Create | Villager (Male) |
| 21:35 | Create | Villager (Male) |
| 21:35 | Create | Villager (Male) |
| 21:54 | Build | House |
Build order — CTM | cachicuervoo
First 150 of 411 actions detected
| 0:02 | Create | Villager (Male) |
| 0:02 | Create | Villager (Male) |
| 0:02 | Create | Villager (Male) |
| 0:03 | Build | House |
| 0:04 | Build | House |
| 0:09 | Create | Villager (Male) |
| 0:10 | Create | Villager (Male) |
| 1:26 | Create | Villager (Male) |
| 1:26 | Create | Villager (Male) |
| 1:46 | Build | Lumber Camp |
| 2:02 | Create | Villager (Male) |
| 2:02 | Create | Villager (Male) |
| 2:27 | Create | Villager (Male) |
| 2:27 | Create | Villager (Male) |
| 2:59 | Create | Villager (Male) |
| 2:59 | Create | Villager (Male) |
| 3:16 | Create | Villager (Male) |
| 3:17 | Create | Villager (Male) |
| 3:35 | Create | Villager (Male) |
| 3:36 | Create | Villager (Male) |
| 4:10 | Create | Villager (Male) |
| 4:11 | Create | Villager (Male) |
| 4:45 | Research | Loom |
| 4:49 | Build | House |
| 4:51 | Create | Villager (Male) |
| 4:51 | Create | Villager (Male) |
| 4:53 | Build | House |
| 5:00 | Create | Villager (Male) |
| 5:01 | Create | Villager (Male) |
| 5:58 | Create | Villager (Male) |
| 5:58 | Create | Villager (Male) |
| 5:59 | Create | Villager (Male) |
| 5:59 | Create | Villager (Male) |
| 6:02 | Create | Villager (Male) |
| 6:02 | Create | Villager (Male) |
| 6:06 | Build | Mill |
| 6:46 | Create | Villager (Male) |
| 6:46 | Create | Villager (Male) |
| 7:29 | Build | Mining Camp |
| 7:43 | Create | Villager (Male) |
| 8:02 | Research | Feudal Age |
| 8:19 | Build | House |
| 8:36 | Build | House |
| 9:09 | Build | Palisade Wall |
| 9:18 | Build | Palisade Wall |
| 10:18 | Age | Feudal Age |
| 10:20 | Create | Villager (Male) |
| 10:23 | Build | Market |
| 10:36 | Build | Blacksmith |
| 11:54 | Build | House |
| 12:02 | Research | Castle Age |
| 12:40 | Build | Mining Camp |
| 12:51 | Build | Palisade Wall |
| 13:06 | Build | House |
| 14:14 | Create | Villager (Male) |
| 14:42 | Age | Castle Age |
| 14:46 | Build | Siege Workshop |
| 14:48 | Create | Villager (Male) |
| 15:07 | Create | Mangonel |
| 15:08 | Create | Villager (Male) |
| 15:17 | Create | Battering Ram |
| 15:24 | Build | Farm |
| 15:42 | Build | Farm |
| 15:43 | Build | Farm |
| 15:54 | Create | Battering Ram |
| 16:05 | Build | Farm |
| 16:12 | Build | Farm |
| 16:27 | Create | Villager (Male) |
| 16:49 | Build | Monastery |
| 16:59 | Build | Farm |
| 17:02 | Create | Villager (Male) |
| 17:02 | Create | Villager (Male) |
| 17:39 | Create | Villager (Male) |
| 17:40 | Create | Villager (Male) |
| 17:42 | Build | House |
| 17:49 | Build | Gate |
| 17:57 | Create | Monk |
| 18:05 | Build | Monastery |
| 18:08 | Build | Outpost |
| 18:09 | Create | Villager (Male) |
| 18:09 | Create | Villager (Male) |
| 18:21 | Build | Palisade Wall |
| 18:23 | Build | Palisade Wall |
| 18:39 | Create | Villager (Male) |
| 18:47 | Research | Sanctity |
| 18:52 | Create | Battering Ram |
| 18:53 | Create | Monk |
| 18:53 | Create | Monk |
| 19:22 | Create | Monk |
| 19:22 | Create | Monk |
| 19:30 | Create | Villager (Male) |
| 19:30 | Create | Villager (Male) |
| 19:33 | Create | Monk |
| 19:33 | Create | Monk |
| 19:34 | Create | Monk |
| 19:56 | Create | Villager (Male) |
| 20:01 | Build | House |
| 20:08 | Create | Battering Ram |
| 20:08 | Create | Battering Ram |
| 20:27 | Build | House |
| 20:33 | Build | Outpost |
| 20:50 | Create | Monk |
| 21:00 | Create | Villager (Male) |
| 21:05 | Build | Outpost |
| 21:26 | Create | Villager (Male) |
| 21:36 | Build | Barracks |
| 21:37 | Create | Monk |
| 21:37 | Create | Monk |
| 21:38 | Create | Villager (Male) |
| 21:52 | Create | Villager (Male) |
| 21:52 | Create | Villager (Male) |
| 22:14 | Build | Outpost |
| 22:15 | Create | Villager (Male) |
| 22:33 | Create | Spearman |
| 22:34 | Create | Spearman |
| 22:34 | Create | Spearman |
| 23:02 | Create | Villager (Male) |
| 23:02 | Create | Villager (Male) |
| 23:06 | Create | Monk |
| 23:17 | Create | Villager (Male) |
| 23:29 | Create | Monk |
| 23:29 | Create | Monk |
| 23:45 | Create | Spearman |
| 23:46 | Create | Spearman |
| 23:52 | Build | House |
| 23:53 | Build | House |
| 23:53 | Build | House |
| 24:10 | Create | Villager (Male) |
| 24:10 | Create | Villager (Male) |
| 24:35 | Build | Town Center |
| 24:38 | Build | Mining Camp |
| 24:39 | Create | Villager (Male) |
| 24:40 | Create | Villager (Male) |
| 25:00 | Build | Town Center |
| 25:00 | Create | Villager (Male) |
| 25:01 | Create | Villager (Male) |
| 25:10 | Build | Siege Workshop |
| 25:31 | Research | Redemption |
| 25:38 | Create | Villager (Male) |
| 25:39 | Create | Villager (Male) |
| 25:49 | Build | Farm |
| 26:04 | Create | Villager (Male) |
| 26:04 | Create | Villager (Male) |
| 26:09 | Build | Farm |
| 26:10 | Build | Farm |
| 26:10 | Build | Farm |
| 26:10 | Build | Farm |
| 26:10 | Build | Farm |
| 26:10 | Build | Farm |
| 26:41 | Build | Siege Workshop |
Build order — 飘雪
First 150 of 372 actions detected
| 0:02 | Create | Villager (Male) |
| 0:02 | Create | Villager (Male) |
| 0:04 | Build | House |
| 0:06 | Build | House |
| 0:10 | Create | Villager (Male) |
| 0:10 | Create | Villager (Male) |
| 0:11 | Create | Villager (Male) |
| 0:37 | Build | Lumber Camp |
| 0:50 | Build | Lumber Camp |
| 1:33 | Create | Villager (Male) |
| 1:34 | Create | Villager (Male) |
| 2:05 | Create | Villager (Male) |
| 2:06 | Create | Villager (Male) |
| 2:22 | Create | Villager (Male) |
| 2:23 | Create | Villager (Male) |
| 2:35 | Build | House |
| 2:56 | Create | Villager (Male) |
| 2:57 | Create | Villager (Male) |
| 3:20 | Create | Villager (Male) |
| 3:20 | Create | Villager (Male) |
| 3:20 | Create | Villager (Male) |
| 3:54 | Create | Villager (Male) |
| 3:54 | Create | Villager (Male) |
| 4:04 | Create | Villager (Male) |
| 4:04 | Create | Villager (Male) |
| 4:28 | Create | Villager (Male) |
| 4:28 | Create | Villager (Male) |
| 4:29 | Create | Villager (Male) |
| 4:29 | Create | Villager (Male) |
| 5:25 | Create | Villager (Male) |
| 5:25 | Create | Villager (Male) |
| 5:26 | Create | Villager (Male) |
| 5:29 | Build | House |
| 5:43 | Create | Villager (Male) |
| 5:43 | Create | Villager (Male) |
| 5:43 | Create | Villager (Male) |
| 7:00 | Build | Mill |
| 7:01 | Create | Villager (Male) |
| 7:16 | Create | Villager (Male) |
| 7:43 | Research | Feudal Age |
| 7:43 | Research | Feudal Age |
| 8:31 | Build | House |
| 8:46 | Create | Villager (Male) |
| 9:14 | Build | Mining Camp |
| 9:29 | Build | Farm |
| 9:30 | Create | Villager (Male) |
| 9:36 | Build | House |
| 10:07 | Build | Farm |
| 10:13 | Create | Villager (Male) |
| 10:14 | Age | Feudal Age |
| 10:26 | Build | Market |
| 10:33 | Build | Blacksmith |
| 10:34 | Create | Villager (Male) |
| 10:46 | Create | Villager (Male) |
| 11:05 | Build | Farm |
| 11:13 | Create | Villager (Male) |
| 11:52 | Research | Castle Age |
| 12:04 | Build | House |
| 12:05 | Build | House |
| 12:17 | Research | Horse Collar |
| 12:17 | Research | Horse Collar |
| 12:53 | Create | Villager (Male) |
| 13:37 | Research | Double-Bit Axe |
| 13:38 | Research | Double-Bit Axe |
| 13:48 | Build | Farm |
| 13:49 | Build | Farm |
| 14:14 | Create | Villager (Male) |
| 14:34 | Age | Castle Age |
| 14:42 | Build | Town Center |
| 14:48 | Create | Villager (Male) |
| 15:09 | Create | Villager (Male) |
| 15:14 | Build | Lumber Camp |
| 15:29 | Create | Villager (Male) |
| 15:59 | Research | Heavy Plow |
| 15:59 | Research | Heavy Plow |
| 16:04 | Create | Villager (Male) |
| 16:04 | Create | Villager (Male) |
| 16:04 | Create | Villager (Male) |
| 16:14 | Build | Farm |
| 16:22 | Build | Farm |
| 16:39 | Create | Villager (Male) |
| 16:43 | Build | Farm |
| 17:12 | Build | Farm |
| 17:15 | Create | Villager (Male) |
| 17:18 | Create | Villager (Male) |
| 17:31 | Build | Town Center |
| 17:43 | Build | Farm |
| 17:56 | Create | Villager (Male) |
| 18:03 | Create | Villager (Male) |
| 18:14 | Build | Farm |
| 18:15 | Build | Farm |
| 18:16 | Build | Farm |
| 18:20 | Create | Villager (Male) |
| 18:46 | Build | Farm |
| 18:51 | Build | Barracks |
| 18:53 | Create | Villager (Male) |
| 18:55 | Create | Villager (Male) |
| 19:07 | Build | Farm |
| 19:08 | Build | Farm |
| 19:14 | Create | Villager (Male) |
| 19:21 | Create | Villager (Male) |
| 19:24 | Research | Loom |
| 19:29 | Create | Villager (Male) |
| 19:34 | Build | Farm |
| 19:35 | Build | Farm |
| 19:39 | Create | Villager (Male) |
| 19:52 | Build | Stable |
| 19:59 | Build | House |
| 20:01 | Build | House |
| 20:02 | Build | House |
| 20:06 | Build | Farm |
| 20:07 | Create | Villager (Male) |
| 20:09 | Create | Villager (Male) |
| 20:10 | Create | Villager (Male) |
| 20:27 | Build | Farm |
| 20:30 | Build | Farm |
| 20:34 | Create | Villager (Male) |
| 20:38 | Build | House |
| 20:39 | Create | Camel Scout |
| 20:40 | Create | Camel Scout |
| 20:57 | Create | Camel Scout |
| 21:12 | Research | Bloodlines |
| 21:16 | Build | Stable |
| 21:18 | Build | Stable |
| 21:24 | Create | Villager (Male) |
| 21:28 | Build | Farm |
| 21:29 | Create | Villager (Male) |
| 21:54 | Research | Husbandry |
| 22:02 | Research | Forging |
| 22:02 | Research | Forging |
| 22:33 | Create | Villager (Male) |
| 22:34 | Create | Villager (Male) |
| 22:38 | Research | Stone Mining |
| 22:42 | Build | Stable |
| 22:44 | Create | Camel Scout |
| 22:44 | Create | Camel Scout |
| 22:45 | Create | Camel Scout |
| 22:51 | Create | Villager (Male) |
| 22:51 | Create | Villager (Male) |
| 22:58 | Build | Farm |
| 22:59 | Build | Farm |
| 23:00 | Build | Mill |
| 23:01 | Build | Farm |
| 23:03 | Build | Farm |
| 23:04 | Build | Farm |
| 23:06 | Create | Villager (Male) |
| 23:08 | Research | Loom |
| 23:23 | Create | Villager (Male) |
| 23:24 | Create | Villager (Male) |
| 23:35 | Research | Gold Mining |
Match timeline
| 8:06 | LegendaryAoE2 · age_up feudal |
| 9:09 | CTM | cachicuervoo · wall_segment Palisade Wall x13 |
| 9:18 | CTM | cachicuervoo · wall_segment Palisade Wall x5 |
| 9:20 | CTM | SMH · age_up feudal |
| 10:12 | EndRCM · age_up feudal |
| 10:14 | 飘雪 · age_up feudal |
| 10:18 | CTM | cachicuervoo · age_up feudal |
| 10:42 | [PVS] ELCAPI · first_building Barracks |
| 10:58 | TheFaceless23 · age_up feudal |
| 11:22 | BigBanana · age_up feudal |
| 11:29 | [PVS] ELCAPI · age_up feudal |
| 11:34 | [PVS] ELCAPI · first_building Stable |
| 11:36 | CTM | cachicuervoo · first_market_buy 100 food |
| 11:39 | CTM | cachicuervoo · first_market_sell 100 stone |
| 11:41 | 飘雪 · first_market_sell 100 wood |
| 11:43 | 飘雪 · first_market_buy 100 food |
| 12:51 | CTM | cachicuervoo · wall_segment Palisade Wall x1 |
| 12:53 | EndRCM · age_up castle |
| 13:05 | TheFaceless23 · first_building Stable |
| 13:28 | CTM | SMH · age_up castle |
| 13:32 | CTM | SMH · first_building Monastery |
| 14:30 | CTM | SMH · first_market_sell 100 stone |
| 14:34 | TheFaceless23 · age_up castle |
| 14:34 | 飘雪 · age_up castle |
| 14:36 | LegendaryAoE2 · wall_segment Palisade Wall x1 |
| 14:37 | TheFaceless23 · first_building Monastery |
| 14:40 | LegendaryAoE2 · wall_segment Palisade Wall x1 |
| 14:42 | CTM | cachicuervoo · age_up castle |
| 14:46 | CTM | cachicuervoo · first_building Siege Workshop |
| 14:57 | BigBanana · age_up castle |
| 15:03 | CTM | SMH · first_building Siege Workshop |
| 15:38 | CTM | SMH · first_market_buy 100 food |
| 16:40 | EndRCM · first_building Siege Workshop |
| 16:49 | CTM | cachicuervoo · first_building Monastery |
| 17:30 | CTM | SMH · first_building Barracks |
| 17:43 | BigBanana · first_building Barracks |
| 18:21 | CTM | cachicuervoo · wall_segment Palisade Wall x1 |
| 18:23 | CTM | cachicuervoo · wall_segment Palisade Wall x2 |
| 18:28 | BigBanana · first_building Stable |
| 18:51 | 飘雪 · first_building Barracks |
| 19:51 | LegendaryAoE2 · wall_segment Stone Wall x5 |
| 19:52 | 飘雪 · first_building Stable |
| 19:54 | LegendaryAoE2 · wall_segment Stone Wall x1 |
| 20:01 | LegendaryAoE2 · wall_segment Stone Wall x5 |
| 20:05 | LegendaryAoE2 · wall_segment Stone Wall x6 |
| 20:08 | LegendaryAoE2 · wall_segment Stone Wall x2 |
| 21:36 | CTM | cachicuervoo · first_building Barracks |
| 23:03 | EndRCM · wall_segment Stone Wall x1 |
| 23:21 | [PVS] ELCAPI · age_up castle |
| 23:26 | BigBanana · first_building Monastery |
| 23:51 | 飘雪 · first_building Castle |
| 24:08 | CTM | SMH · wall_segment Palisade Wall x1 |
| 24:09 | LegendaryAoE2 · first_market_buy 100 stone |
| 24:09 | CTM | SMH · wall_segment Palisade Wall x1 |
| 24:11 | CTM | SMH · wall_segment Palisade Wall x1 |
| 24:18 | CTM | SMH · wall_segment Palisade Wall x1 |
| 24:19 | CTM | SMH · wall_segment Palisade Wall x1 |
| 24:56 | TheFaceless23 · first_building Castle |
| 24:58 | 飘雪 · first_building Monastery |
| 26:07 | TheFaceless23 · first_building Barracks |
| 26:54 | CTM | cachicuervoo · wall_segment Palisade Wall x1 |
| 26:55 | CTM | cachicuervoo · wall_segment Palisade Wall x1 |
| 26:56 | CTM | cachicuervoo · wall_segment Palisade Wall x1 |
| 27:13 | CTM | SMH · wall_segment Palisade Wall x1 |
| 27:57 | BigBanana · first_building Siege Workshop |
| 28:07 | TheFaceless23 · first_building Siege Workshop |
| 29:33 | TheFaceless23 · age_up imperial |
| 29:50 | BigBanana · wall_segment Stone Wall x1 |
| 30:07 | EndRCM · first_building Castle |
| 30:22 | EndRCM · wall_segment Stone Wall x5 |
| 30:24 | LegendaryAoE2 · first_market_sell 100 food |
| 31:35 | LegendaryAoE2 · age_up castle |
| 31:55 | [PVS] ELCAPI · first_market_buy 100 food |
| 32:00 | BigBanana · first_building Castle |
| 32:14 | TheFaceless23 · first_market_sell 500 wood |
| 32:19 | TheFaceless23 · first_market_buy 100 food |
| 32:37 | 飘雪 · age_up imperial |
| 32:59 | CTM | cachicuervoo · first_building Castle |
| 33:08 | CTM | SMH · first_building Archery Range |
| 33:20 | BigBanana · age_up imperial |
| 34:01 | CTM | SMH · age_up imperial |
| 34:18 | TheFaceless23 · tribute_sent a jugador 2 |
| 34:18 | TheFaceless23 · tribute_sent a jugador 3 |
| 34:18 | TheFaceless23 · tribute_sent a jugador 4 |
| 34:18 | TheFaceless23 · tribute_sent a jugador 5 |
| 34:18 | TheFaceless23 · tribute_sent a jugador 6 |
| 34:18 | TheFaceless23 · tribute_sent a jugador 7 |
| 34:18 | TheFaceless23 · tribute_sent a jugador 8 |
| 34:39 | [PVS] ELCAPI · first_building Siege Workshop |
| 34:48 | CTM | cachicuervoo · first_building Stable |
| 35:29 | CTM | SMH · first_building Stable |
| 35:53 | BigBanana · first_market_sell 100 food |
| 36:27 | TheFaceless23 · tribute_sent a jugador 2 |
| 36:27 | TheFaceless23 · tribute_sent a jugador 3 |
| 36:27 | TheFaceless23 · tribute_sent a jugador 4 |
| 36:27 | TheFaceless23 · tribute_sent a jugador 5 |
| 36:27 | TheFaceless23 · tribute_sent a jugador 6 |
| 36:27 | TheFaceless23 · tribute_sent a jugador 7 |
| 36:27 | TheFaceless23 · tribute_sent a jugador 8 |
| 37:43 | LegendaryAoE2 · first_building Barracks |
| 37:59 | EndRCM · resign |
| 38:41 | TheFaceless23 · tribute_sent a jugador 2 |
| 38:41 | TheFaceless23 · tribute_sent a jugador 3 |
| 38:41 | TheFaceless23 · tribute_sent a jugador 4 |
| 38:41 | TheFaceless23 · tribute_sent a jugador 5 |
| 38:41 | TheFaceless23 · tribute_sent a jugador 6 |
| 38:41 | TheFaceless23 · tribute_sent a jugador 7 |
| 38:41 | TheFaceless23 · tribute_sent a jugador 8 |
| 38:49 | LegendaryAoE2 · first_building Stable |
| 39:25 | [PVS] ELCAPI · age_up imperial |
| 39:51 | [PVS] ELCAPI · first_market_sell 100 wood |
| 39:56 | LegendaryAoE2 · first_building Monastery |
| 39:59 | CTM | SMH · first_building Castle |
| 40:24 | [PVS] ELCAPI · tribute_sent a jugador 1 |
| 40:24 | [PVS] ELCAPI · tribute_sent a jugador 2 |
| 40:24 | [PVS] ELCAPI · tribute_sent a jugador 3 |
| 40:24 | [PVS] ELCAPI · tribute_sent a jugador 4 |
| 40:24 | [PVS] ELCAPI · tribute_sent a jugador 6 |
| 40:24 | [PVS] ELCAPI · tribute_sent a jugador 7 |
| 40:24 | [PVS] ELCAPI · tribute_sent a jugador 8 |
| 41:23 | TheFaceless23 · wall_segment Stone Wall x1 |
| 41:26 | TheFaceless23 · wall_segment Stone Wall x1 |
| 41:29 | TheFaceless23 · wall_segment Stone Wall x1 |
| 41:50 | 飘雪 · first_building Archery Range |
| 42:52 | CTM | cachicuervoo · age_up imperial |
| 44:09 | LegendaryAoE2 · age_up imperial |
[ AI ANALYSIS · 1 CREDIT ]
What really happened in this match?
Wolo.gg analyzes every decision: build order, eco, micro, common mistakes by bracket. Personalized analysis on WhatsApp or Discord in 30 seconds.
Civ guide
Slavs
Perfil
Jugador #10000610